 Dungeon Crawl Stone Soup version 0.31-a0-963-ga325b2283a (webtiles) character file.

Game seed: 16260980137344243992

5612 MacCMillion the Grappler (level 10, -12/69 HPs)
             Began as an Octopode Shapeshifter on Oct 25, 2023.
             Was an Initiate of Gozag.
             Mangled by a two-headed ogre
             ... wielding a +0 giant club
              (24 damage)
             ... on level 9 of the Dungeon.
             The game lasted 00:15:26 (13341 turns).

MacCMillion the Grappler (Octopode Shapeshifter)   Turns: 13341, Time: 00:15:26

Health: -12/69     AC:  1    Str: 19    XL:     10   Next: 73%
Magic:  10/10      EV: 15    Int: 12    God:    Gozag
Gold:   934        SH:  0    Dex: 11    Spells: 9/9 levels left

rFire   + .          .
                       - Unarmed
rCold   . . .        (shield currently unavailable)
rNeg    . . .        (helmet restricted)
rPois   +            (no amulet)
rElec   .            r - ring of poison resistance
rCorr   .            v - ring of protection from fire
SInv    .            y - ring of willpower
Will    +....        (no ring)
Stlth   ++           (no ring)
HPRegen 0.31/turn    (no ring)
MPRegen 0.12/turn    (no ring)
                     (no ring)

%: no passive effects
@: flux-form, glowing
A: glow, contaminating, almost no armour, amphibious, 8 rings, camouflage 1,
gelatinous body 1, (nimble swimmer 1), tentacles
a: Begin Untransformation, Renounce Religion, Potion Petition, Call Merchant,
Bribe Branch


You were on level 9 of the Dungeon.
You worshipped Gozag.
Gozag was pleased with you.
You were something dangerously unstable.
You visited 2 branches of the dungeon, and saw 11 of its levels.

You collected 1018 gold pieces.
You paid 84 gold pieces to Gozag.

Inventory:

Missiles
 m - 19 poisoned darts
 E - a curare-tipped dart
Armour
 h - a +1 hat
Jewellery
 r - a ring of poison resistance (left tentacle)
 v - a ring of protection from fire (right tentacle)
 y - a ring of willpower (on tentacle)
Talismans
 b - a beast talisman
 c - a flux talisman (active)
Wands
 A - a wand of acid (2)
 B - a wand of flame (7)
 F - a wand of polymorph (7)
Scrolls
 a - a scroll of vulnerability
 d - 2 scrolls of enchant weapon
 g - 2 scrolls of torment {unknown}
 k - a scroll of butterflies {unknown}
 l - a scroll of immolation
 o - 6 scrolls of teleportation
 q - 2 scrolls of revelation {unknown}
 s - a scroll of acquirement {unknown}
 t - 2 scrolls of noise {unknown}
 u - a scroll of fog {unknown}
 w - 2 scrolls of enchant armour {unknown}
 C - a scroll of identify
 D - a scroll of brand weapon {unknown}
 G - a scroll of blinking {unknown}
Potions
 e - 2 potions of invisibility
 f - 2 potions of resistance
 i - a potion of cancellation
 j - 2 potions of brilliance
 n - 2 potions of enlightenment
 p - 5 potions of curing
 x - 2 potions of degeneration {unknown}
 z - 3 potions of haste {unknown}


   Skills:
 + Level 6.9 Fighting
 + Level 7.1 Dodging
 - Level 4.0 Stealth
 * Level 10.3 Unarmed Combat
 + Level 7.0 Shapeshifting


You had 9 spell levels left.
You didn't know any spells.
Your spell library contained the following spells:

 Spells                   Type           Power      Damage    Failure   Level
 Apportation              Tloc           0%         N/A       32%         1
 Necrotise                Necr           0%         1d4       32%         1
 Summon Small Mammal      Summ           0%         N/A       32%         1
 Poisonous Vapours        Pois/Air       0%         N/A       45%         2
 Dazzling Flash           Conj/Hex       0%         N/A       69%         3
 Mephitic Cloud           Conj/Pois/Air  0%         N/A       69%         3
 Anguish                  Hex/Necr       0%         N/A       97%         4
 Cause Fear               Hex            0%         N/A       97%         4
 Agony                    Necr           0%         N/A       100%        5
 Borgnjor's Vile Clutch   Necr/Erth      0%         N/A       100%        5
 Freezing Cloud           Conj/Ice/Air   0%         6-21      100%        5
 Silence                  Hex/Air        0%         N/A       100%        5
 Summon Forest            Summ/Tloc      0%         N/A       100%        5
 Summon Mana Viper        Hex/Summ       0%         N/A       100%        5
 Death Channel            Necr           0%         N/A       100%        6
 Summon Cactus Giant      Summ           0%         N/A       100%        6
 Enfeeble                 Hex            0%         N/A       100%        7
 Animate Dead             Necr           Unusable   N/A       N/A         4

Dungeon Overview and Level Annotations

Branches:
Dungeon (10/15)            Temple (1/1) D:6            Lair (0/5) D:8
    Orc: D:9-12

Altars:
Ashenzari
Cheibriados
Dithmenos
Elyvilon
Fedhas
Gozag
Hepliaklqana
Kikubaaqudgha
Makhleb
Okawaru
Qazlal
Ru
Sif Muna
Trog
Uskayaw
Vehumet
Wu Jian
Xom
Yredelemnul
Zin
The Shining One

Shops:
D:1 [   D:6 =   D:9 (

Annotations:
D:6 2 transporters
D:9 exclusion: ugly thing


Innate Abilities, Weirdness & Mutations

You are something dangerously unstable.
You glow with magical radiation, making you easy to see and hit.
Foes you strike become dangerously contaminated with magical radiation.
You are incapable of wielding weapons or throwing items.
You cannot wear most types of armour.
You are amphibious.
You can wear up to eight rings at the same time.
Your skin changes colour to match your surroundings (Stealth+).
Your rubbery body absorbs attacks. (AC +1, EV +1)
((You are camouflaged when in or above water. (Stealth+)))
You have tentacles for arms and can constrict up to eight enemies at once.


Message History

You kill the hornet!
You now have 934 gold pieces (gained 6).
You feel yourself speed up.
You start waiting.
Done waiting.
m - 19 poisoned darts (gained 4)
A two-headed ogre comes into view. It is wielding two +0 giant clubs.
A two-headed ogre is nearby!
The two-headed ogre shouts in stereo!
You tentacle-slap the two-headed ogre.
The two-headed ogre begins to glow.
The two-headed ogre is lightly wounded.
You tentacle-slap the two-headed ogre but do no damage.
The two-headed ogre glows dangerously bright.
The two-headed ogre is lightly wounded.
The two-headed ogre hits you with a +0 giant club!!
The two-headed ogre hits you with a +0 giant club!
You tentacle-slap the two-headed ogre.
The two-headed ogre shudders as magic cascades through it.
The two-headed ogre twists and deforms.
Your squeeze misses the two-headed ogre.
The two-headed ogre is lightly wounded.
The two-headed ogre barely misses you. The two-headed ogre misses you.
You bludgeon the two-headed ogre!
The two-headed ogre begins to glow.
You squeeze the two-headed ogre.
The two-headed ogre is moderately wounded.
You tentacle-slap the two-headed ogre.
The two-headed ogre glows dangerously bright.
The two-headed ogre is heavily wounded.
The two-headed ogre hits you with a +0 giant club!
* * * LOW HITPOINT WARNING * * *
The two-headed ogre barely misses you.
You tentacle-slap the two-headed ogre.
The two-headed ogre shudders as magic cascades through it.
The two-headed ogre twists and deforms.
You squeeze the two-headed ogre.
The two-headed ogre is heavily wounded.
You barely miss the two-headed ogre. You squeeze the two-headed ogre!
The two-headed ogre is severely wounded.
The two-headed ogre hits you with a +0 giant club!!
You die...
Your body crumbles into a pile of gold.

#.# #.##.........###.## #.#
###.##.........# ##.#
#.########...##.........###.##
#.............#..........#.##
#.#.#####..##.#.........#.##
#.#.# #.. #.#.........#.## #...#
#..##.######.......### #...#
#..........#.........#
#.#.#####.##.p.....#.......#.#
#............O.....#.......#.#
#.##......##.#.....#...[...#.#
..#.##.#.......#.....#.....<.#.#
c.♣#.##.#.##.##########..∩......#
#.##.#..#.# ####....###
#.##.##.#.# ####.# #.##......#
#########.# ####.##......#
#......##.#


You could see a two-headed ogre (misshapen).

Vanquished Creatures
  Maurice (D:9)
  Psyche (D:8)
  Jeremiah (D:6)
  Grinder (D:6)
  A hornet (D:9)
  A wyvern (D:9)
  A steam dragon (D:7)
  Menkaure (D:4)
  A water moccasin (D:6)
  An orc warrior (D:8)
  2 sky beasts
  A black bear (D:5)
  2 ice beasts
  4 ogres
  5 centaurs
  A phantom (D:7)
  2 kobold brigands
  Blork the orc (D:6)
  5 bullfrogs
  A gnoll sergeant (D:9)
  15 killer bees
  3 howler monkeys
  4 hounds
  3 jellies
  5 orc priests
  3 gnoll boudas
  3 sleepcaps
  2 iguanas
  8 orc wizards
  11 gnolls
  9 adders
  A shadow imp (D:5)
  A white imp (D:7)
  An ufetubus (D:7)
  A worm (D:2)
  2 dart slugs (D:1)
  28 orcs
  6 bats
  10 endoplasms
  4 giant cockroaches
  20 goblins
  5 hobgoblins
  2 quokkas
  15 ball pythons
  A frilled lizard (D:1)
  18 kobolds
  5 rats
  A spectral orc (D:3)
221 creatures vanquished.

Vanquished Creatures (others)
  2 kobolds (D:8)
2 creatures vanquished.

Grand Total: 223 creatures vanquished

Notes
Turn   | Place    | Note
-------+----------+-------------------------------------------
     0 | D:1      | MacCMillion the Octopode Shapeshifter began the quest for
                  | the Orb.
     0 | D:1      | Reached XP level 1. HP: 13/13 MP: 1/1
    67 | D:1      | Reached XP level 2. HP: 11/18 MP: 2/2
   234 | D:1      | Reached skill level 1 in Stealth
   377 | D:1      | Reached XP level 3. HP: 22/23 MP: 3/3
   473 | D:1      | Found Ceibrusk's Armour Shoppe.
   899 | D:2      | Reached XP level 4. HP: 17/28 MP: 4/4
  1459 | D:2      | Reached skill level 4 in Unarmed Combat
  1838 | D:3      | Reached XP level 5. HP: 34/34 MP: 5/5
  2580 | D:3      | Found a basalt altar of Yredelemnul.
  2911 | D:3      | Reached XP level 6. HP: 36/40 MP: 6/6
  3739 | D:4      | Reached skill level 5 in Unarmed Combat
  3819 | D:4      | Reached XP level 7. HP: 44/45 MP: 7/7
  4006 | D:4      | Noticed Menkaure
  4407 | D:5      | Entered Level 5 of the Dungeon
  5113 | D:5      | Reached skill level 6 in Unarmed Combat
  5113 | D:5      | Reached XP level 8. HP: 54/54 MP: 8/8
  5400 | D:5      | Found a shadowy altar of Dithmenos.
  5671 | D:6      | Found a staircase to the Ecumenical Temple.
  5703 | Temple   | Entered the Ecumenical Temple
  5754 | Temple   | Became a worshipper of Gozag Ym Sagoz the Greedy
  5820 | D:6      | Found a transporter.
  5992 | D:6      | Found a transporter.
  6001 | D:6      | Noticed a kobold demonologist
  6001 | D:6      | Noticed a kobold demonologist
  6055 | D:6      | Noticed Blork the orc
  6081 | D:6      | Noticed Grinder
  6827 | D:6      | Noticed Jeremiah
  6930 | D:6      | Found Nopneoti's Jewellery Boutique.
  7042 | D:6      | Reached skill level 5 in Shapeshifting
  7045 | D:6      | Reached skill level 7 in Unarmed Combat
  7862 | D:7      | Reached skill level 5 in Dodging
  7864 | D:7      | Reached XP level 9. HP: 40/59 MP: 9/9
  8016 | D:7      | Found a glowing golden altar of the Shining One.
  8132 | D:7      | Identified the +8 mace "Ceeqihys" {flame, *Noise rPois rN+}
  8258 | D:6      | Reached skill level 5 in Fighting
  8646 | D:7      | Reached skill level 8 in Unarmed Combat
  9777 | D:8      | Identified the +1 ring mail "Uceeqim" {rC- Str+3 Dex+2}
  9794 | D:8      | Found a staircase to the Lair.
 10299 | D:8      | Noticed Psyche
 10691 | D:8      | Killed Psyche
 10692 | D:8      | Reached skill level 9 in Unarmed Combat
 10692 | D:8      | Reached XP level 10. HP: 68/68 MP: 10/10
 11101 | D:9      | Noticed a red ugly thing
 11139 | D:9      | Noticed Maurice
 11411 | D:9      | Maurice stole 396 gold
 11413 | D:9      | Something stole a beast talisman
 11416 | D:9      | Something stole a ring of willpower
 11417 | D:9      | Killed Maurice
 11677 | D:4      | Killed Menkaure
 11727 | D:6      | Killed Grinder
 11901 | D:6      | Killed Blork the orc
 12210 | D:6      | Killed Jeremiah
 12700 | D:9      | Noticed a deep elf pyromancer
 12718 | D:10     | Entered Level 10 of the Dungeon
 12762 | D:9      | Reached skill level 10 in Unarmed Combat
 13156 | D:9      | Found Egaufutzi's Antique Weapon Shoppe.
 13332 | D:9      | Noticed a two-headed ogre
 13341 | D:9      | Mangled by a two-headed ogre

Illustrated notes

Levels and vault maps discovered:
D:1:      lightli_arrival_quake, layout_loops_ring, serial_shops, shop,
          hangedman_decor_clover_reticule
D:2:      layout_loops_ring, chequers_serial_rivers_room_a, minivault_5,
          wad_floor_pattern_2, minmay_cut_off
D:3:      layout_loops_ring, yredelemnul_forgotten_temple_becter,
          minmay_snake_closets
D:4:      layout_basic, chequers_serial_rivers_small_b, uniq_menkaure
D:5:      layout_basic, lemuel_tele_altar
D:6:      gammafunk_wand_slinger, layout_cave_pods, minmay_temple_entry_grid,
          serial_shops, shop, minmay_holes, kennysheep_generic_room_15,
          uniq_jeremiah, uniq_blork_the_orc, uniq_grinder
D:7:      layout_basic, mainiacjoe_overflow_six_doors_small,
          minmay_joined_circles
D:8:      layout_basic, lair_entry_dummy, minmay_hedge_maze,
          grunt_decor_resistance, uniq_psyche
D:9:      nzn_winding_woodlands_medium [nzn_winding_woodlands_5x5_closed_star,
          nzn_winding_woodlands_5x15_parted,
          nzn_winding_woodlands_5x5_open_star,
          nzn_winding_woodlands_5x5_perimeter,
          nzn_winding_woodlands_center_pierced_h,
          nzn_winding_woodlands_5x5_three, nzn_winding_woodlands_5x5_cross,
          nzn_winding_woodlands_5x15_longhouse,
          nzn_winding_woodlands_hourglass], layout_loops_cross, serial_shops,
          shop, uniq_maurice
D:10:     layout_basic, lemuel_coloured_pillars_altar,
          hellmonk_ghost_happy_afterlife, dreamdust_princess_corridor
Temple:   dpeg_five_rooms_temple

Skill      XL: |  1  2  3  4  5  6  7  8  9 10 |
---------------+-------------------------------+-----
Stealth        | 1 2 3 4 |  4.0
Unarmed Combat | 4 5 6 7 9 10 | 10.3
Fighting       | 2 3 4 6 |  6.9
Dodging        | 3 4 5 6 7 |  7.1
Shapeshifting  | 4 5 6 7 |  7.0

Action                     |  1- 3 |  4- 6 |  7- 9 | 10-12 || total
---------------------------+-------+-------+-------+-------++-------
  Melee: Unarmed           |    63 |   150 |   221 |   100 ||   534
         Tentacles         |    12 |    18 |    56 |    35 ||   121
         Constrict         |    11 |    35 |    45 |    17 ||   108
         Punch             |     1 |     8 |    16 |     6 ||    31
  Throw: Dart              |       |       |     5 |       ||     5
    Use: Potion            |       |     1 |       |       ||     1
         Scroll            |       |       |    12 |     1 ||    13
   Stab: Sleeping          |     8 |    18 |    10 |     2 ||    38
         Distracted        |       |     1 |     3 |     2 ||     6
 Armour: Skin              |    27 |    57 |   116 |    50 ||   250
  Dodge: Dodged            |    45 |    82 |   133 |    66 ||   326
   Form: Flux              |       |       |       |     1 ||     1

Table legend: (Time is in decaauts)
 A = Elapsed time spent in this place.
 B = Non-inter-level travel time spent in this place.
 C = Inter-level travel time spent in this place.
 D = Time resting spent in this place.
 E = Time spent auto-exploring this place.
 F = Levels seen in this place.
 G = Mean time per level.
                   A        B        C        D        E       F      G
               +--------+--------+--------+--------+--------+-----+--------+
         Total |  13294 |  12539 |    755 |   4543 |   6210 |  11 | 1208.5 |
       Dungeon |  13193 |  12536 |    657 |   4543 |   6210 |  10 | 1319.3 |
        Temple |    100 |      2 |     98 |      0 |      0 |   1 |  100.0 |
               +--------+--------+--------+--------+--------+-----+--------+

Top non-repeatable levels by time:
     D:6: 2097 daAuts
     D:7: 2010 daAuts
     D:5: 1746 daAuts
     D:8: 1698 daAuts
     D:3: 1401 daAuts
     D:4: 1239 daAuts
     D:9: 1013 daAuts
     D:2: 919 daAuts
     D:1: 909 daAuts
    D:10: 156 daAuts
  Temple: 100 daAuts
